Pittsburgh Penguins vs St.Louis Blues
Created - Sunday, November 5, 2023 at 06:25
Goals
|
| Pittsburgh Penguins |
3 |
2 |
2 |
7 |
| St.Louis Blues |
0 |
2 |
1 |
3 |
|
Shots
|
| Pittsburgh Penguins |
9 |
17 |
9 |
35 |
| St.Louis Blues |
8 |
12 |
11 |
31 |
|
1st period
1. Pittsburgh Penguins , Gabriel Vilardi 11 (Tom Wilson 14, Erik Karlsson 18) at 9:58
2. Pittsburgh Penguins , Anders Lee 14 (Sam Reinhart 28, Jean-Gabriel Pageau 22) at 12:24 (PP)
3. Pittsburgh Penguins , Sam Reinhart 26 (Jean-Gabriel Pageau 23) at 17:36 (PP)
Penalties :
Adam Pelech (STL) for Hooking (Minor) at 11:47, Tom Wilson (PIT) for High sticking (Minor) at 13:51, Lawson Crouse (STL) for Tripping (Minor) at 17:20, Pavel Buchnevich (PIT) for Tripping (Minor) at 18:19
2nd period
4. St.Louis Blues , Yanni Gourde 6 (Nico Sturm 9, Andrew Copp 14) at 4:26
5. Pittsburgh Penguins , Anders Lee 15 (Brian Dumoulin 16, Jordan Eberle 9) at 15:21
6. St.Louis Blues , Jake Guentzel 18 (Elias Pettersson 42) at 16:27 (PP)
7. Pittsburgh Penguins , Mitchell Marner 23 (Leon Draisaitl 34, Jean-Gabriel Pageau 24) at 19:34
Penalties :
Leon Draisaitl (PIT) for Hooking (Minor) at 2:11, Robert Thomas (STL) for Hooking (Minor) at 4:31, Pavel Buchnevich (PIT) for Hooking (Minor) at 15:59
3rd period
8. Pittsburgh Penguins , Sam Reinhart 27 (Mattias Ekholm 12) at 5:56
9. St.Louis Blues , Tage Thompson 19 (Alex Tuch 16, Elias Pettersson 43) at 13:23
10. Pittsburgh Penguins , Jean-Gabriel Pageau 9 (Leon Draisaitl 35, Mitchell Marner 22) at 14:47
Penalties :
Erik Gudbranson (PIT) for High sticking (Minor) at 1:57, Jack Eichel (STL) for Hooking (Minor) at 6:51, Mark Stone (STL) for Holding (Minor) at 15:09, Alexander Edler (PIT) for Interference (Minor) at 19:12
Goalie Stats
Akira Schmid (PIT), 28 saves from 31 shots - (0.903), W, 3-3-0, 60:00 minutes
Connor Hellebuyck (STL), 28 saves from 35 shots - (0.800), L, 22-13-3, 60:00 minutes
Players Stats for Pittsburgh Penguins
Player Name G A P +/- PIM S H SB GA TA FO MP PP MP PK MP
------------------------------------------------------------------------------------
Alexander Edler 0 0 0 0 2 0 0 0 0 1 0/0 14:54 0:00 0:53
Anders Lee 2 0 2 0 0 4 4 1 0 0 1/2 14:09 3:06 0:19
Brian Dumoulin 0 1 1 2 0 1 2 0 0 1 0/0 21:43 3:23 4:37
Colton Sissons 0 0 0 1 0 0 0 0 0 1 4/6 11:11 0:00 4:23
Erik Gudbranson 0 0 0 -1 2 1 3 1 0 1 0/0 18:06 0:00 3:41
Erik Karlsson 0 1 1 1 0 3 3 0 0 0 0/0 23:53 3:27 4:34
Gabriel Vilardi 1 0 1 0 0 4 2 0 0 0 0/0 7:37 0:09 0:01
Jean-Gabriel Pageau 1 3 4 2 0 2 3 0 2 0 11/22 21:07 3:06 4:41
Jordan Eberle 0 1 1 1 0 1 0 0 1 0 0/0 11:14 0:09 0:00
Leon Draisaitl 0 2 2 1 2 3 2 0 1 0 2/6 20:29 3:35 3:30
Mattias Ekholm 0 1 1 2 0 1 2 1 0 1 0/0 23:02 3:23 4:37
Mitchell Marner 1 1 2 2 0 4 1 1 1 0 1/1 16:44 3:35 0:00
Pavel Buchnevich 0 0 0 0 4 3 2 1 1 0 0/2 17:30 3:35 0:59
Phillip Danault 0 0 0 0 0 2 0 0 0 0 10/20 17:10 0:00 4:29
Ryan Johansen 0 0 0 1 0 0 0 0 1 0 7/10 10:28 0:00 0:00
Ryan Suter 0 0 0 2 0 0 1 0 0 0 0/0 18:20 3:27 0:00
Sam Reinhart 2 1 3 0 0 6 0 0 2 0 1/2 15:47 3:06 0:00
Tom Wilson 0 1 1 1 2 0 2 0 0 0 0/1 7:19 0:09 0:00
Players Stats for St.Louis Blues
Player Name G A P +/- PIM S H SB GA TA FO MP PP MP PK MP
------------------------------------------------------------------------------------
Adam Pelech 0 0 0 -2 2 0 0 1 0 1 0/0 16:03 0:00 2:36
Alex Pietrangelo 0 0 0 0 0 0 0 2 1 1 0/0 21:27 4:40 0:00
Alex Tuch 0 1 1 0 0 4 0 0 0 0 0/1 20:10 4:31 0:00
Andrew Copp 0 1 1 0 0 2 0 0 0 2 1/1 10:45 0:00 3:33
Colton Parayko 0 0 0 -1 0 0 2 3 0 0 0/0 16:15 0:00 3:13
Elias Pettersson 0 2 2 0 0 3 1 2 1 1 9/27 20:34 4:36 0:19
Evander Kane 0 0 0 -1 0 4 1 0 0 0 1/2 13:52 4:35 0:00
Jack Eichel 0 0 0 -2 2 2 1 0 1 0 6/17 16:39 4:35 0:00
Jake Guentzel 1 0 1 -2 0 2 2 0 1 0 0/0 16:55 4:36 0:03
Jake Sanderson 0 0 0 -1 0 0 0 0 0 1 0/0 19:40 0:00 4:14
Lawson Crouse 0 0 0 -1 2 2 2 0 1 1 0/0 12:45 0:00 3:17
Mark Stone 0 0 0 -1 2 1 3 0 0 0 0/0 17:43 4:40 0:00
Mikhail Sergachev 0 0 0 -1 0 0 1 2 0 1 0/0 18:29 4:31 0:00
Nick Leddy 0 0 0 -2 0 1 0 1 0 0 0/0 17:22 0:00 3:37
Nico Sturm 0 1 1 0 0 1 1 0 0 1 4/6 10:13 0:00 3:14
Robert Thomas 0 0 0 -1 2 3 0 1 0 0 11/15 13:51 4:35 0:00
Tage Thompson 1 0 1 0 0 2 3 0 0 0 3/3 20:09 4:36 0:00
Yanni Gourde 1 0 1 0 0 4 2 0 0 0 0/0 10:13 0:00 3:14
3 Stars
1 - Jean-Gabriel Pageau (PIT)
2 - Anders Lee (PIT)
3 - Sam Reinhart (PIT)
Power Play
Pittsburgh Penguins - 2 on 5 Attempt(s) - 40.00%
St.Louis Blues - 1 on 6 Attempt(s) - 16.67%
Penalty Kill
Pittsburgh Penguins - 5 on 6 Attempt(s) - 83.33%
- Score 0 goal in Penalty Kill
St.Louis Blues - 3 on 5 Attempt(s) - 60.00%
- Score 0 goal in Penalty Kill
Team Stat
Pittsburgh Penguins - Hits : 27 - Faceoff Wins : 37 - Blocked Shots : 5 - Penalty Minutes : 12
St.Louis Blues - Hits : 19 - Faceoff Wins : 35 - Blocked Shots : 12 - Penalty Minutes : 10
Official
Referees : Brad Watson and Gord Dwyer
Linesman : Tim Nowak and Steve Miller
Game Notes
No Game Note
Finance
Level 1 -- Attendance: 5378 (89.63%) -- Ticket Income $521,666
Level 2 -- Attendance: 4361 (87.22%) -- Ticket Income $248,577
Level 3 -- Attendance: 3000 (100.00%) -- Ticket Income $102,000
Level 4 -- Attendance: 5000 (100.00%) -- Ticket Income $115,000
Luxury Box -- Attendance: 1000 (100.00%) -- Ticket Income $194,000
Game was played at the Scottrade Center.
Total Attendance: 18739 (93.70%)
Total Ticket Income: $1,181,243
Other Income: $413,435
Total Income: $1,594,678
Pittsburgh Penguins
5 vs 5 Forward
Center Left Wing Right Wing Time % Phy DF OF
1 Jean-Gabriel Pageau Leon Draisaitl Mitchell Marner 30 1 2 2
2 Phillip Danault Pavel Buchnevich Sam Reinhart 30 1 2 2
3 Ryan Johansen Anders Lee Jordan Eberle 25 1 2 2
4 Colton Sissons Gabriel Vilardi Tom Wilson 15 1 2 2
5 vs 5 Defense
Defense Defense Time % Phy DF OF
1 Erik Karlsson Mattias Ekholm 30 1 2 2
2 Ryan Suter Brian Dumoulin 30 1 2 2
3 Erik Gudbranson Alexander Edler 30 1 2 2
4 Erik Karlsson Mattias Ekholm 10 1 2 2
PowerPlay Forward
Center Left Wing Right Wing Time % Phy DF OF
1 Leon Draisaitl Pavel Buchnevich Mitchell Marner 50 0 2 3
2 Jean-Gabriel Pageau Anders Lee Sam Reinhart 50 1 2 2
PowerPlay Defense
Defense Defense Time % Phy DF OF
1 Erik Karlsson Ryan Suter 50 1 2 2
2 Mattias Ekholm Brian Dumoulin 50 1 2 2
Penalty Kill 4 Players Forward
Center Wing Time % Phy DF OF
1 Leon Draisaitl Phillip Danault 50 1 2 2
2 Jean-Gabriel Pageau Colton Sissons 50 1 2 2
Penalty Kill 4 Players Defense
Defense Defense Time % Phy DF OF
1 Mattias Ekholm Brian Dumoulin 50 1 2 2
2 Erik Gudbranson Erik Karlsson 50 1 2 2
Penalty Kill - 3 Players Forward
Forward Time % Phy DF OF
1 Leon Draisaitl 50 1 2 2
2 Mitchell Marner 50 1 2 2
Penalty Kill - 3 Players Defense
Defense Defense Time % Phy DF OF
1 Erik Gudbranson Erik Karlsson 50 1 2 2
2 Mattias Ekholm Brian Dumoulin 50 1 2 2
4 vs 4 Forward
Center Wing Time % Phy DF OF
1 Leon Draisaitl Mitchell Marner 50 1 2 2
2 Sam Reinhart Pavel Buchnevich 50 1 2 2
4 vs 4 Defense
Defense Defense Time % Phy DF OF
1 Erik Karlsson Ryan Suter 50 1 2 2
2 Mattias Ekholm Brian Dumoulin 50 1 2 2
Last Minutes Offensive
Center Left Wing Right Wing Defense Defense
Leon Draisaitl Pavel Buchnevich Mitchell Marner Erik Karlsson Mattias Ekholm
Last Minutes Defensive
Center Left Wing Right Wing Defense Defense
Leon Draisaitl Pavel Buchnevich Mitchell Marner Erik Karlsson Mattias Ekholm
Goaltenders
Starting : Akira Schmid
Backup : Marc-Andre Fleury
Extra Forwards
Normal : Tom Wilson, Gabriel Vilardi, Phillip Danault - PP : Tom Wilson, Gabriel Vilardi - PK : Phillip Danault
Extra Defensemen
Normal : Erik Gudbranson, Brian Dumoulin, Mattias Ekholm - PP : Erik Gudbranson - PK : Erik Gudbranson, Mattias Ekholm
Penalty Shots
Leon Draisaitl, Mitchell Marner, Sam Reinhart, Pavel Buchnevich, Jean-Gabriel Pageau
St.Louis Blues
5 vs 5 Forward
Center Left Wing Right Wing Time % Phy DF OF
1 Elias Pettersson Alex Tuch Tage Thompson 35 0 1 4
2 Jack Eichel Jake Guentzel Mark Stone 30 1 1 3
3 Robert Thomas Lawson Crouse Evander Kane 25 1 2 2
4 Nico Sturm Andrew Copp Yanni Gourde 10 1 3 1
5 vs 5 Defense
Defense Defense Time % Phy DF OF
1 Jake Sanderson Alex Pietrangelo 35 1 2 2
2 Mikhail Sergachev Colton Parayko 33 1 2 2
3 Nick Leddy Adam Pelech 32 1 2 2
4 Jake Sanderson Alex Pietrangelo 0 1 2 2
PowerPlay Forward
Center Left Wing Right Wing Time % Phy DF OF
1 Elias Pettersson Jake Guentzel Tage Thompson 50 0 1 4
2 Robert Thomas Jack Eichel Evander Kane 50 0 1 4
PowerPlay Defense
Defense Defense Time % Phy DF OF
1 Alex Tuch Mikhail Sergachev 50 1 1 3
2 Alex Pietrangelo Mark Stone 50 1 1 3
Penalty Kill 4 Players Forward
Center Wing Time % Phy DF OF
1 Nico Sturm Yanni Gourde 50 1 4 0
2 Andrew Copp Lawson Crouse 50 1 4 0
Penalty Kill 4 Players Defense
Defense Defense Time % Phy DF OF
1 Adam Pelech Colton Parayko 50 1 4 0
2 Jake Sanderson Nick Leddy 50 1 4 0
Penalty Kill - 3 Players Forward
Forward Time % Phy DF OF
1 Nico Sturm 50 0 5 0
2 Andrew Copp 50 0 5 0
Penalty Kill - 3 Players Defense
Defense Defense Time % Phy DF OF
1 Adam Pelech Colton Parayko 50 0 5 0
2 Jake Sanderson Nick Leddy 50 0 5 0
4 vs 4 Forward
Center Wing Time % Phy DF OF
1 Elias Pettersson Tage Thompson 50 0 2 3
2 Robert Thomas Alex Tuch 50 0 2 3
4 vs 4 Defense
Defense Defense Time % Phy DF OF
1 Jake Sanderson Alex Pietrangelo 50 0 3 2
2 Colton Parayko Mikhail Sergachev 50 0 3 2
Last Minutes Offensive
Center Left Wing Right Wing Defense Defense
Robert Thomas Elias Pettersson Tage Thompson Alex Tuch Mikhail Sergachev
Last Minutes Defensive
Center Left Wing Right Wing Defense Defense
Nico Sturm Andrew Copp Yanni Gourde Jake Sanderson Colton Parayko
Goaltenders
Starting : Connor Hellebuyck
Backup : Scott Wedgewood
Extra Forwards
Normal : Nico Sturm, Robert Thomas, Lawson Crouse - PP : Nico Sturm, Robert Thomas - PK : Lawson Crouse
Extra Defensemen
Normal : Nick Leddy, Jake Sanderson, Colton Parayko - PP : Nick Leddy - PK : Jake Sanderson, Colton Parayko
Penalty Shots
Elias Pettersson, Tage Thompson, Alex Tuch, Jack Eichel, Jake Guentzel
% Time on Ice - Pittsburgh Penguins
Lines # - Real PCT - Wanted PCT - Time Play
Normal Forward
1 - 32% - 30% - 14:02
2 - 29% - 30% - 12:55
3 - 24% - 25% - 10:28
4 - 15% - 15% - 6:34
Normal Defense
1 - 31% - 30% - 13:44
2 - 31% - 30% - 13:50
3 - 32% - 30% - 14:10
4 - 5% - 10% - 2:15
PP Forward
1 - 55% - 50% - 3:44
2 - 45% - 50% - 3:06
PP Defense
1 - 50% - 50% - 3:27
2 - 50% - 50% - 3:23
PK Forward
1 - 52% - 50% - 4:48
2 - 48% - 50% - 4:23
PK Defense
1 - 50% - 50% - 4:37
2 - 50% - 50% - 4:34
PK3 Forward
1 - 0% - 50%
2 - 0% - 50%
PK3 Defense
1 - 0% - 50%
2 - 0% - 50%
44 Forward
1 - 0% - 50%
2 - 0% - 50%
44 Defense
1 - 0% - 50%
2 - 0% - 50%
Last Minute Offensive - 0:00
Last Minute Defensive - 0:00
Total
Forward - 60:00
Defense - 60:00
|
% Time on Ice - St.Louis Blues
Lines # - Real PCT - Wanted PCT - Time Play
Normal Forward
1 - 36% - 35% - 15:39
2 - 27% - 30% - 12:05
3 - 21% - 25% - 9:16
4 - 16% - 10% - 6:59
Normal Defense
1 - 35% - 35% - 15:24
2 - 32% - 33% - 14:14
3 - 30% - 32% - 13:07
4 - 3% - 0% - 1:14
PP Forward
1 - 50% - 50% - 4:36
2 - 50% - 50% - 4:35
PP Defense
1 - 49% - 50% - 4:31
2 - 51% - 50% - 4:40
PK Forward
1 - 48% - 50% - 3:17
2 - 52% - 50% - 3:33
PK Defense
1 - 47% - 50% - 3:13
2 - 53% - 50% - 3:37
PK3 Forward
1 - 0% - 50%
2 - 0% - 50%
PK3 Defense
1 - 0% - 50%
2 - 0% - 50%
44 Forward
1 - 0% - 50%
2 - 0% - 50%
44 Defense
1 - 0% - 50%
2 - 0% - 50%
Last Minute Offensive - 0:00
Last Minute Defensive - 0:00
Total
Forward - 60:00
Defense - 60:00
|
Play-by-Play
1st period
0:01 of 1st period - Tage Thompson wins face-off versus Jean-Gabriel Pageau in neutral zone.
0:08 of 1st period - Snap shot by Alex Tuch.
0:08 of 1st period - Stopped by Akira Schmid with a rebound.
0:10 of 1st period - Snap shot by Elias Pettersson.
0:10 of 1st period - Deflect By Mattias Ekholm.
0:10 of 1st period - Shot Misses the Net.
0:10 of 1st period - Puck is out of play.
0:11 of 1st period - Phillip Danault wins face-off versus Jack Eichel in Pittsburgh Penguins zone.
1:02 of 1st period - Robert Thomas is hit by Tom Wilson and loses puck.
1:25 of 1st period - Wrist shot by Leon Draisaitl.
1:25 of 1st period - Shot Blocked by Robert Thomas.
1:31 of 1st period - Wrist shot by Evander Kane.
1:31 of 1st period - Stopped by Akira Schmid without a rebound.
1:32 of 1st period - Phillip Danault wins face-off versus Elias Pettersson in Pittsburgh Penguins zone.
2:06 of 1st period - Wrist shot by Mitchell Marner.
2:06 of 1st period - Stopped by Connor Hellebuyck without a rebound.
2:07 of 1st period - Jack Eichel wins face-off versus Anders Lee in St.Louis Blues zone.
2:37 of 1st period - Snap shot by Leon Draisaitl.
2:37 of 1st period - Shot Blocked by Nick Leddy.
3:06 of 1st period - Icing by Lawson Crouse.
3:07 of 1st period - Robert Thomas wins face-off versus Tom Wilson in St.Louis Blues zone.
3:16 of 1st period - Jake Sanderson is hit by Gabriel Vilardi.
3:34 of 1st period - Wrist shot by Tage Thompson.
3:34 of 1st period - Shot Misses the Net.
4:06 of 1st period - Slapshot by Jake Guentzel.
4:06 of 1st period - Deflect By Mark Stone.
4:06 of 1st period - Deflect By Sam Reinhart.
4:06 of 1st period - Shot Misses the Net.
4:06 of 1st period - Puck is out of play.
4:07 of 1st period - Jean-Gabriel Pageau wins face-off versus Elias Pettersson in Pittsburgh Penguins zone.
4:14 of 1st period - Wrist shot by Mitchell Marner.
4:14 of 1st period - Shot Misses the Net.
4:22 of 1st period - Snap shot by Leon Draisaitl.
4:22 of 1st period - Shot Misses the Net.
4:24 of 1st period - Backhand shot by Jean-Gabriel Pageau.
4:24 of 1st period - Stopped by Connor Hellebuyck with a rebound.
4:59 of 1st period - Nico Sturm is hit by Pavel Buchnevich and loses puck.
5:39 of 1st period - Wrist shot by Tage Thompson.
5:39 of 1st period - Deflect By Alex Tuch.
5:39 of 1st period - Stopped by Akira Schmid with a rebound.
6:12 of 1st period - Alex Pietrangelo is hit by Mattias Ekholm and loses puck.
7:07 of 1st period - Slapshot by Leon Draisaitl.
7:07 of 1st period - Stopped by Connor Hellebuyck without a rebound.
7:08 of 1st period - Elias Pettersson wins face-off versus Jean-Gabriel Pageau in St.Louis Blues zone.
7:08 of 1st period - Elias Pettersson is hit by Leon Draisaitl.
7:22 of 1st period - Snap shot by Elias Pettersson.
7:22 of 1st period - Stopped by Akira Schmid with a rebound.
7:24 of 1st period - Snap shot by Tage Thompson.
7:24 of 1st period - Shot Misses the Net.
7:38 of 1st period - Snap shot by Sam Reinhart.
7:38 of 1st period - Stopped by Connor Hellebuyck without a rebound.
7:39 of 1st period - Phillip Danault wins face-off versus Jack Eichel in St.Louis Blues zone.
8:06 of 1st period - Nick Leddy is hit by Erik Gudbranson and loses puck.
8:27 of 1st period - Slapshot by Robert Thomas.
8:27 of 1st period - Deflect By Leon Draisaitl.
8:27 of 1st period - Shot Blocked by Erik Gudbranson.
8:27 of 1st period - Puck is out of play.
8:28 of 1st period - Robert Thomas wins face-off versus Jean-Gabriel Pageau in Pittsburgh Penguins zone.
8:29 of 1st period - Wrist shot by Lawson Crouse.
8:29 of 1st period - Stopped by Akira Schmid with a rebound.
8:38 of 1st period - Off-side.
8:39 of 1st period - Anders Lee wins face-off versus Jack Eichel in neutral zone.
9:05 of 1st period - Jake Sanderson is hit by Erik Karlsson and loses puck.
9:40 of 1st period - Snap shot by Evander Kane.
9:40 of 1st period - Stopped by Akira Schmid with a rebound.
9:56 of 1st period - Slapshot by Tom Wilson.
9:56 of 1st period - Shot Misses the Net.
9:58 of 1st period - Snap shot by Gabriel Vilardi.
9:58 of 1st period - Goal by Gabriel Vilardi - Pittsburgh Penguins : 1 - St.Louis Blues : 0.
9:59 of 1st period - Jack Eichel wins face-off versus Phillip Danault in neutral zone.
10:02 of 1st period - Slapshot by Jake Guentzel.
10:02 of 1st period - Shot Misses the Net.
10:05 of 1st period - Icing by Ryan Suter.
10:06 of 1st period - Sam Reinhart wins face-off versus Jack Eichel in Pittsburgh Penguins zone.
10:16 of 1st period - Off-side.
10:17 of 1st period - Ryan Johansen wins face-off versus Elias Pettersson in neutral zone.
10:54 of 1st period - Wrist shot by Jake Guentzel.
10:54 of 1st period - Stopped by Akira Schmid with a rebound.
11:30 of 1st period - Backhand shot by Robert Thomas.
11:30 of 1st period - Shot Misses the Net.
11:32 of 1st period - Slapshot by Nick Leddy.
11:32 of 1st period - Deflect By Robert Thomas.
11:32 of 1st period - Shot Misses the Net.
11:32 of 1st period - Puck is out of play.
11:33 of 1st period - Elias Pettersson wins face-off versus Colton Sissons in Pittsburgh Penguins zone.
11:38 of 1st period - Snap shot by Alex Tuch.
11:38 of 1st period - Stopped by Akira Schmid without a rebound.
11:39 of 1st period - Colton Sissons wins face-off versus Elias Pettersson in Pittsburgh Penguins zone.
11:41 of 1st period - Icing by Tom Wilson.
11:42 of 1st period - Colton Sissons wins face-off versus Elias Pettersson in Pittsburgh Penguins zone.
11:42 of 1st period - Colton Sissons is hit by Elias Pettersson.
11:47 of 1st period - Minor Penalty to Adam Pelech for Hooking.
11:48 of 1st period - Nico Sturm wins face-off versus Leon Draisaitl in St.Louis Blues zone.
12:24 of 1st period - Slapshot by Anders Lee.
12:24 of 1st period - Goal by Anders Lee - Pittsburgh Penguins : 2 - St.Louis Blues : 0.
12:25 of 1st period - Phillip Danault wins face-off versus Alex Tuch in neutral zone.
13:01 of 1st period - Snap shot by Anders Lee.
13:01 of 1st period - Shot Misses the Net.
13:51 of 1st period - Minor Penalty to Tom Wilson for High sticking.
13:52 of 1st period - Tage Thompson wins face-off versus Leon Draisaitl in Pittsburgh Penguins zone.
14:18 of 1st period - Mikhail Sergachev is hit by Erik Gudbranson and loses puck.
15:51 of 1st period - Penalty to Tom Wilson is over, Tom Wilson is back on ice.
16:15 of 1st period - Off-side.
16:16 of 1st period - Robert Thomas wins face-off versus Sam Reinhart in neutral zone.
16:21 of 1st period - Snap shot by Lawson Crouse.
16:21 of 1st period - Shot Blocked by Pavel Buchnevich.
16:31 of 1st period - Nico Sturm is hit by Anders Lee and loses puck.
17:03 of 1st period - Snap shot by Gabriel Vilardi.
17:03 of 1st period - Stopped by Connor Hellebuyck with a rebound.
17:20 of 1st period - Minor Penalty to Lawson Crouse for Tripping.
17:21 of 1st period - Andrew Copp wins face-off versus Jean-Gabriel Pageau in St.Louis Blues zone.
17:36 of 1st period - Slapshot by Sam Reinhart.
17:36 of 1st period - Goal by Sam Reinhart - Pittsburgh Penguins : 3 - St.Louis Blues : 0.
17:37 of 1st period - Elias Pettersson wins face-off versus Phillip Danault in neutral zone.
18:03 of 1st period - Leon Draisaitl is hit by Mark Stone and loses puck.
18:14 of 1st period - Slapshot by Leon Draisaitl.
18:14 of 1st period - Stopped by Connor Hellebuyck without a rebound.
18:15 of 1st period - Robert Thomas wins face-off versus Phillip Danault in St.Louis Blues zone.
18:19 of 1st period - Minor Penalty to Pavel Buchnevich for Tripping.
18:20 of 1st period - Robert Thomas wins face-off versus Jean-Gabriel Pageau in Pittsburgh Penguins zone.
Goals for this period are 3 for Pittsburgh Penguins vs 0 for St.Louis Blues.
Shots for this period are 9 for Pittsburgh Penguins vs 8 for St.Louis Blues.
2nd period
0:01 of 2nd period - Robert Thomas wins face-off versus Leon Draisaitl in neutral zone.
0:16 of 2nd period - Snap shot by Jack Eichel.
0:16 of 2nd period - Stopped by Akira Schmid without a rebound.
0:17 of 2nd period - Colton Sissons wins face-off versus Elias Pettersson in Pittsburgh Penguins zone.
0:19 of 2nd period - Penalty to Pavel Buchnevich is over, Pavel Buchnevich is back on ice.
0:32 of 2nd period - Snap shot by Elias Pettersson.
0:32 of 2nd period - Stopped by Akira Schmid without a rebound.
0:33 of 2nd period - Robert Thomas wins face-off versus Phillip Danault in Pittsburgh Penguins zone.
0:38 of 2nd period - Slapshot by Lawson Crouse.
0:38 of 2nd period - Deflect By Robert Thomas.
0:38 of 2nd period - Shot Misses the Net.
0:38 of 2nd period - Puck is out of play.
0:39 of 2nd period - Phillip Danault wins face-off versus Robert Thomas in Pittsburgh Penguins zone.
0:48 of 2nd period - Wrist shot by Sam Reinhart.
0:48 of 2nd period - Stopped by Connor Hellebuyck without a rebound.
0:49 of 2nd period - Jean-Gabriel Pageau wins face-off versus Elias Pettersson in St.Louis Blues zone.
0:50 of 2nd period - Snap shot by Leon Draisaitl.
0:50 of 2nd period - Stopped by Connor Hellebuyck with a rebound.
0:56 of 2nd period - Wrist shot by Alex Tuch.
0:56 of 2nd period - Stopped by Akira Schmid without a rebound.
0:57 of 2nd period - Jean-Gabriel Pageau wins face-off versus Elias Pettersson in Pittsburgh Penguins zone.
1:01 of 2nd period - Off-side.
1:02 of 2nd period - Jean-Gabriel Pageau wins face-off versus Jack Eichel in neutral zone.
1:26 of 2nd period - Icing by Adam Pelech.
1:27 of 2nd period - Elias Pettersson wins face-off versus Ryan Johansen in St.Louis Blues zone.
2:11 of 2nd period - Minor Penalty to Leon Draisaitl for Hooking.
2:12 of 2nd period - Elias Pettersson wins face-off versus Jean-Gabriel Pageau in Pittsburgh Penguins zone.
2:14 of 2nd period - Snap shot by Jake Guentzel.
2:14 of 2nd period - Shot Misses the Net.
3:40 of 2nd period - Erik Gudbranson is hit by Tage Thompson and loses puck.
4:05 of 2nd period - Elias Pettersson is hit by Jean-Gabriel Pageau and loses puck.
4:11 of 2nd period - Penalty to Leon Draisaitl is over, Leon Draisaitl is back on ice.
4:24 of 2nd period - Backhand shot by Yanni Gourde.
4:24 of 2nd period - Shot Misses the Net.
4:26 of 2nd period - Slapshot by Nico Sturm.
4:26 of 2nd period - Deflect By Yanni Gourde.
4:26 of 2nd period - Goal by Yanni Gourde - Pittsburgh Penguins : 3 - St.Louis Blues : 1.
4:27 of 2nd period - Robert Thomas wins face-off versus Phillip Danault in neutral zone.
4:31 of 2nd period - Minor Penalty to Robert Thomas for Hooking.
4:32 of 2nd period - Nico Sturm wins face-off versus Pavel Buchnevich in St.Louis Blues zone.
4:32 of 2nd period - Nico Sturm is hit by Leon Draisaitl.
4:42 of 2nd period - Pavel Buchnevich is hit by Lawson Crouse and loses puck.
4:59 of 2nd period - Mattias Ekholm is hit by Yanni Gourde.
5:09 of 2nd period - Wrist shot by Nico Sturm.
5:09 of 2nd period - Shot Blocked by Anders Lee.
5:47 of 2nd period - Adam Pelech is hit by Jean-Gabriel Pageau and loses puck.
6:31 of 2nd period - Penalty to Robert Thomas is over, Robert Thomas is back on ice.
6:44 of 2nd period - Nick Leddy is hit by Tom Wilson and loses puck.
7:35 of 2nd period - Mitchell Marner is hit by Nico Sturm.
8:18 of 2nd period - Adam Pelech is hit by Brian Dumoulin.
8:22 of 2nd period - Nick Leddy is hit by Mitchell Marner and loses puck.
8:48 of 2nd period - Erik Gudbranson is hit by Colton Parayko and loses puck.
8:55 of 2nd period - Snap shot by Andrew Copp.
8:55 of 2nd period - Deflect By Yanni Gourde.
8:55 of 2nd period - Stopped by Akira Schmid with a rebound.
8:59 of 2nd period - Wrist shot by Andrew Copp.
8:59 of 2nd period - Stopped by Akira Schmid with a rebound.
9:11 of 2nd period - Lawson Crouse is hit by Erik Gudbranson and loses puck.
9:22 of 2nd period - Leon Draisaitl is hit by Mark Stone.
9:46 of 2nd period - Adam Pelech is hit by Mattias Ekholm and loses puck.
9:57 of 2nd period - Ryan Suter is hit by Jake Guentzel and loses puck.
10:30 of 2nd period - Ryan Suter is hit by Evander Kane and loses puck.
10:35 of 2nd period - Slapshot by Robert Thomas.
10:35 of 2nd period - Shot Misses the Net.
10:45 of 2nd period - Leon Draisaitl is hit by Jake Guentzel and loses puck.
11:10 of 2nd period - Snap shot by Phillip Danault.
11:10 of 2nd period - Stopped by Connor Hellebuyck with a rebound.
11:54 of 2nd period - Wrist shot by Gabriel Vilardi.
11:54 of 2nd period - Shot Blocked by Adam Pelech.
11:56 of 2nd period - Slapshot by Erik Karlsson.
11:56 of 2nd period - Stopped by Connor Hellebuyck without a rebound.
11:57 of 2nd period - Phillip Danault wins face-off versus Elias Pettersson in St.Louis Blues zone.
12:10 of 2nd period - Snap shot by Sam Reinhart.
12:10 of 2nd period - Shot Blocked by Mikhail Sergachev.
12:12 of 2nd period - Slapshot by Erik Gudbranson.
12:12 of 2nd period - Stopped by Connor Hellebuyck with a rebound.
12:14 of 2nd period - Slapshot by Sam Reinhart.
12:14 of 2nd period - Shot Blocked by Colton Parayko.
12:24 of 2nd period - Erik Gudbranson is hit by Mark Stone and loses puck.
12:33 of 2nd period - Slapshot by Erik Karlsson.
12:33 of 2nd period - Stopped by Connor Hellebuyck without a rebound.
12:34 of 2nd period - Phillip Danault wins face-off versus Robert Thomas in St.Louis Blues zone.
12:35 of 2nd period - Wrist shot by Sam Reinhart.
12:35 of 2nd period - Stopped by Connor Hellebuyck without a rebound.
12:36 of 2nd period - Robert Thomas wins face-off versus Phillip Danault in St.Louis Blues zone.
12:36 of 2nd period - Robert Thomas is hit by Erik Karlsson.
13:07 of 2nd period - Off-side.
13:08 of 2nd period - Ryan Johansen wins face-off versus Elias Pettersson in neutral zone.
13:13 of 2nd period - Elias Pettersson is hit by Ryan Suter and loses puck.
13:24 of 2nd period - Wrist shot by Jordan Eberle.
13:24 of 2nd period - Shot Blocked by Colton Parayko.
13:34 of 2nd period - Elias Pettersson is hit by Brian Dumoulin and loses puck.
13:59 of 2nd period - Slapshot by Pavel Buchnevich.
13:59 of 2nd period - Stopped by Connor Hellebuyck with a rebound.
14:19 of 2nd period - Snap shot by Andrew Copp.
14:19 of 2nd period - Stopped by Akira Schmid with a rebound.
14:29 of 2nd period - Slapshot by Andrew Copp.
14:29 of 2nd period - Deflect By Nico Sturm.
14:29 of 2nd period - Deflect By Sam Reinhart.
14:29 of 2nd period - Stopped by Akira Schmid without a rebound.
14:30 of 2nd period - Evander Kane wins face-off versus Ryan Johansen in Pittsburgh Penguins zone.
14:37 of 2nd period - Wrist shot by Robert Thomas.
14:37 of 2nd period - Stopped by Akira Schmid without a rebound.
14:38 of 2nd period - Ryan Johansen wins face-off versus Robert Thomas in Pittsburgh Penguins zone.
15:15 of 2nd period - Wrist shot by Jordan Eberle.
15:15 of 2nd period - Shot Blocked by Alex Pietrangelo.
15:17 of 2nd period - Slapshot by Brian Dumoulin.
15:17 of 2nd period - Stopped by Connor Hellebuyck with a rebound.
15:19 of 2nd period - Slapshot by Anders Lee.
15:19 of 2nd period - Stopped by Connor Hellebuyck with a rebound.
15:21 of 2nd period - Wrist shot by Anders Lee.
15:21 of 2nd period - Goal by Anders Lee - Pittsburgh Penguins : 4 - St.Louis Blues : 1.
15:22 of 2nd period - Elias Pettersson wins face-off versus Leon Draisaitl in neutral zone.
15:37 of 2nd period - Wrist shot by Mitchell Marner.
15:37 of 2nd period - Shot Misses the Net.
15:39 of 2nd period - Slapshot by Erik Karlsson.
15:39 of 2nd period - Shot Blocked by Elias Pettersson.
15:59 of 2nd period - Minor Penalty to Pavel Buchnevich for Hooking.
16:00 of 2nd period - Jean-Gabriel Pageau wins face-off versus Robert Thomas in Pittsburgh Penguins zone.
16:27 of 2nd period - Backhand shot by Jake Guentzel.
16:27 of 2nd period - Goal by Jake Guentzel - Pittsburgh Penguins : 4 - St.Louis Blues : 2.
16:28 of 2nd period - Elias Pettersson wins face-off versus Phillip Danault in neutral zone.
16:31 of 2nd period - Alexander Edler is hit by Mikhail Sergachev and loses puck.
16:41 of 2nd period - Wrist shot by Pavel Buchnevich.
16:41 of 2nd period - Shot Misses the Net.
16:43 of 2nd period - Slapshot by Alexander Edler.
16:43 of 2nd period - Shot Misses the Net.
17:03 of 2nd period - Snap shot by Jake Guentzel.
17:03 of 2nd period - Deflect By Jack Eichel.
17:03 of 2nd period - Stopped by Akira Schmid with a rebound.
17:23 of 2nd period - Evander Kane is hit by Anders Lee and loses puck.
17:48 of 2nd period - Snap shot by Gabriel Vilardi.
17:48 of 2nd period - Stopped by Connor Hellebuyck without a rebound.
17:49 of 2nd period - Phillip Danault wins face-off versus Elias Pettersson in St.Louis Blues zone.
17:57 of 2nd period - Wrist shot by Phillip Danault.
17:57 of 2nd period - Stopped by Connor Hellebuyck without a rebound.
17:58 of 2nd period - Elias Pettersson wins face-off versus Phillip Danault in St.Louis Blues zone.
18:15 of 2nd period - Wrist shot by Sam Reinhart.
18:15 of 2nd period - Shot Misses the Net.
18:17 of 2nd period - Snap shot by Phillip Danault.
18:17 of 2nd period - Shot Misses the Net.
18:19 of 2nd period - Slapshot by Mattias Ekholm.
18:19 of 2nd period - Stopped by Connor Hellebuyck with a rebound.
18:21 of 2nd period - Wrist shot by Sam Reinhart.
18:21 of 2nd period - Shot Misses the Net.
18:23 of 2nd period - Wrist shot by Pavel Buchnevich.
18:23 of 2nd period - Stopped by Connor Hellebuyck without a rebound.
18:24 of 2nd period - Jean-Gabriel Pageau wins face-off versus Jack Eichel in St.Louis Blues zone.
18:51 of 2nd period - Jake Sanderson is hit by Anders Lee and loses puck.
19:18 of 2nd period - Snap shot by Sam Reinhart.
19:18 of 2nd period - Stopped by Connor Hellebuyck without a rebound.
19:19 of 2nd period - Jean-Gabriel Pageau wins face-off versus Jack Eichel in St.Louis Blues zone.
19:34 of 2nd period - Snap shot by Mitchell Marner.
19:34 of 2nd period - Goal by Mitchell Marner - Pittsburgh Penguins : 5 - St.Louis Blues : 2.
19:35 of 2nd period - Ryan Johansen wins face-off versus Elias Pettersson in neutral zone.
19:51 of 2nd period - Snap shot by Elias Pettersson.
19:51 of 2nd period - Stopped by Akira Schmid without a rebound.
19:52 of 2nd period - Leon Draisaitl wins face-off versus Jack Eichel in Pittsburgh Penguins zone.
Goals for this period are 2 for Pittsburgh Penguins vs 2 for St.Louis Blues.
Shots for this period are 17 for Pittsburgh Penguins vs 12 for St.Louis Blues.
3rd period
0:01 of 3rd period - Phillip Danault wins face-off versus Elias Pettersson in neutral zone.
0:12 of 3rd period - Snap shot by Tage Thompson.
0:12 of 3rd period - Stopped by Akira Schmid without a rebound.
0:13 of 3rd period - Jack Eichel wins face-off versus Jean-Gabriel Pageau in Pittsburgh Penguins zone.
0:24 of 3rd period - Wrist shot by Mark Stone.
0:24 of 3rd period - Shot Misses the Net.
0:27 of 3rd period - Icing by Mitchell Marner.
0:28 of 3rd period - Jean-Gabriel Pageau wins face-off versus Elias Pettersson in Pittsburgh Penguins zone.
0:39 of 3rd period - Slapshot by Mitchell Marner.
0:39 of 3rd period - Stopped by Connor Hellebuyck with a rebound.
0:41 of 3rd period - Slapshot by Erik Karlsson.
0:41 of 3rd period - Stopped by Connor Hellebuyck without a rebound.
0:42 of 3rd period - Jack Eichel wins face-off versus Ryan Johansen in St.Louis Blues zone.
0:57 of 3rd period - Jake Guentzel is hit by Erik Karlsson and loses puck.
1:38 of 3rd period - Wrist shot by Robert Thomas.
1:38 of 3rd period - Shot Misses the Net.
1:40 of 3rd period - Slapshot by Robert Thomas.
1:40 of 3rd period - Stopped by Akira Schmid with a rebound.
1:52 of 3rd period - Slapshot by Yanni Gourde.
1:52 of 3rd period - Stopped by Akira Schmid with a rebound.
1:54 of 3rd period - Slapshot by Nick Leddy.
1:54 of 3rd period - Stopped by Akira Schmid without a rebound.
1:55 of 3rd period - Colton Sissons wins face-off versus Jack Eichel in Pittsburgh Penguins zone.
1:57 of 3rd period - Minor Penalty to Erik Gudbranson for High sticking.
1:58 of 3rd period - Jean-Gabriel Pageau wins face-off versus Elias Pettersson in Pittsburgh Penguins zone.
2:08 of 3rd period - Snap shot by Elias Pettersson.
2:08 of 3rd period - Shot Blocked by Mattias Ekholm.
3:57 of 3rd period - Penalty to Erik Gudbranson is over, Erik Gudbranson is back on ice.
5:06 of 3rd period - Backhand shot by Tom Wilson.
5:06 of 3rd period - Deflect By Gabriel Vilardi.
5:06 of 3rd period - Shot Blocked by Mikhail Sergachev.
5:06 of 3rd period - Puck is out of play.
5:07 of 3rd period - Robert Thomas wins face-off versus Colton Sissons in St.Louis Blues zone.
5:24 of 3rd period - Snap shot by Jordan Eberle.
5:24 of 3rd period - Stopped by Connor Hellebuyck without a rebound.
5:25 of 3rd period - Ryan Johansen wins face-off versus Nico Sturm in St.Louis Blues zone.
5:42 of 3rd period - Snap shot by Anders Lee.
5:42 of 3rd period - Stopped by Connor Hellebuyck without a rebound.
5:43 of 3rd period - Jack Eichel wins face-off versus Phillip Danault in St.Louis Blues zone.
5:56 of 3rd period - Wrist shot by Sam Reinhart.
5:56 of 3rd period - Goal by Sam Reinhart - Pittsburgh Penguins : 6 - St.Louis Blues : 2.
5:57 of 3rd period - Elias Pettersson wins face-off versus Jean-Gabriel Pageau in neutral zone.
6:17 of 3rd period - Jake Sanderson is hit by Jean-Gabriel Pageau and loses puck.
6:27 of 3rd period - Off-side.
6:28 of 3rd period - Jack Eichel wins face-off versus Pavel Buchnevich in neutral zone.
6:51 of 3rd period - Minor Penalty to Jack Eichel for Hooking.
6:52 of 3rd period - Leon Draisaitl wins face-off versus Nico Sturm in St.Louis Blues zone.
7:18 of 3rd period - Mattias Ekholm is hit by Lawson Crouse.
7:45 of 3rd period - Yanni Gourde is hit by Pavel Buchnevich and loses puck.
8:02 of 3rd period - Wrist shot by Pavel Buchnevich.
8:02 of 3rd period - Stopped by Connor Hellebuyck without a rebound.
8:03 of 3rd period - Nico Sturm wins face-off versus Jean-Gabriel Pageau in St.Louis Blues zone.
8:51 of 3rd period - Penalty to Jack Eichel is over, Jack Eichel is back on ice.
9:17 of 3rd period - Wrist shot by Jake Guentzel.
9:17 of 3rd period - Deflect By Mark Stone.
9:17 of 3rd period - Stopped by Akira Schmid with a rebound.
9:42 of 3rd period - Slapshot by Tage Thompson.
9:42 of 3rd period - Shot Blocked by Mitchell Marner.
9:44 of 3rd period - Snap shot by Evander Kane.
9:44 of 3rd period - Stopped by Akira Schmid with a rebound.
9:46 of 3rd period - Snap shot by Evander Kane.
9:46 of 3rd period - Stopped by Akira Schmid without a rebound.
9:47 of 3rd period - Robert Thomas wins face-off versus Jean-Gabriel Pageau in Pittsburgh Penguins zone.
9:50 of 3rd period - Snap shot by Robert Thomas.
9:50 of 3rd period - Shot Misses the Net.
9:52 of 3rd period - Snap shot by Robert Thomas.
9:52 of 3rd period - Stopped by Akira Schmid with a rebound.
9:54 of 3rd period - Snap shot by Evander Kane.
9:54 of 3rd period - Shot Misses the Net.
9:56 of 3rd period - Wrist shot by Adam Pelech.
9:56 of 3rd period - Deflect By Lawson Crouse.
9:56 of 3rd period - Stopped by Akira Schmid without a rebound.
9:57 of 3rd period - Phillip Danault wins face-off versus Elias Pettersson in Pittsburgh Penguins zone.
9:57 of 3rd period - Phillip Danault is hit by Tage Thompson.
10:55 of 3rd period - Robert Thomas is hit by Anders Lee and loses puck.
11:13 of 3rd period - Alex Tuch is hit by Gabriel Vilardi and loses puck.
12:03 of 3rd period - Ryan Suter is hit by Jack Eichel and loses puck.
12:52 of 3rd period - Slapshot by Gabriel Vilardi.
12:52 of 3rd period - Shot Misses the Net.
13:02 of 3rd period - Sam Reinhart is hit by Colton Parayko and loses puck.
13:07 of 3rd period - Snap shot by Yanni Gourde.
13:07 of 3rd period - Stopped by Akira Schmid without a rebound.
13:08 of 3rd period - Tage Thompson wins face-off versus Phillip Danault in Pittsburgh Penguins zone.
13:23 of 3rd period - Wrist shot by Tage Thompson.
13:23 of 3rd period - Goal by Tage Thompson - Pittsburgh Penguins : 6 - St.Louis Blues : 3.
13:24 of 3rd period - Mitchell Marner wins face-off versus Elias Pettersson in neutral zone.
13:32 of 3rd period - Off-side.
13:33 of 3rd period - Jean-Gabriel Pageau wins face-off versus Elias Pettersson in neutral zone.
13:36 of 3rd period - Snap shot by Mitchell Marner.
13:36 of 3rd period - Stopped by Connor Hellebuyck with a rebound.
13:38 of 3rd period - Snap shot by Jean-Gabriel Pageau.
13:38 of 3rd period - Shot Blocked by Elias Pettersson.
13:50 of 3rd period - Snap shot by Leon Draisaitl.
13:50 of 3rd period - Shot Hit the Post.
14:45 of 3rd period - Snap shot by Leon Draisaitl.
14:45 of 3rd period - Shot Misses the Net.
14:47 of 3rd period - Wrist shot by Jean-Gabriel Pageau.
14:47 of 3rd period - Goal by Jean-Gabriel Pageau - Pittsburgh Penguins : 7 - St.Louis Blues : 3.
14:48 of 3rd period - Ryan Johansen wins face-off versus Jack Eichel in neutral zone.
14:59 of 3rd period - Wrist shot by Ryan Johansen.
14:59 of 3rd period - Shot Misses the Net.
15:01 of 3rd period - Slapshot by Erik Gudbranson.
15:01 of 3rd period - Shot Blocked by Colton Parayko.
15:09 of 3rd period - Minor Penalty to Mark Stone for Holding.
15:10 of 3rd period - Nico Sturm wins face-off versus Jean-Gabriel Pageau in St.Louis Blues zone.
17:09 of 3rd period - Penalty to Mark Stone is over, Mark Stone is back on ice.
18:02 of 3rd period - Snap shot by Colton Sissons.
18:02 of 3rd period - Shot Blocked by Alex Pietrangelo.
18:04 of 3rd period - Slapshot by Alexander Edler.
18:04 of 3rd period - Deflect By Gabriel Vilardi.
18:04 of 3rd period - Stopped by Connor Hellebuyck without a rebound.
18:05 of 3rd period - Ryan Johansen wins face-off versus Jack Eichel in St.Louis Blues zone.
18:30 of 3rd period - Pavel Buchnevich is hit by Tage Thompson and loses puck.
18:59 of 3rd period - Jean-Gabriel Pageau is hit by Yanni Gourde and loses puck.
19:12 of 3rd period - Minor Penalty to Alexander Edler for Interference.
19:13 of 3rd period - Jean-Gabriel Pageau wins face-off versus Evander Kane in Pittsburgh Penguins zone.
Goals for this period are 2 for Pittsburgh Penguins vs 1 for St.Louis Blues.
Shots for this period are 9 for Pittsburgh Penguins vs 11 for St.Louis Blues.
Back to the Top